[Event "Titled Tuesday Blitz August 22 Late 2023"]
[White "Mindhunter08"]
[Black "Ai, Evan"]
[BlackFideId "2094770"]
[WhiteElo "2465"]
[BlackElo "2278"]
[Result "1-0"]
[Round "4"]
[TimeControl "180+1"]
[Date "2023.08.22"]
[WhiteClock "0:01:15"]
[BlackClock "0:00:00"]
[Board "165"]

1. e4 e5 2. Nf3 Nc6 3. Bc4 Nf6 4. d3 Bc5 5. c3 d6 6. Nbd2 h6 7. Bb3 g5 8. Nc4 g4 9. Nfd2 Nh5 10. Ne3 Nf4 11. Ndf1 h5 12. Bc2 Qf6 13. b4 Nxg2+ 14. Ke2 Qf3+ 15. Kd2 Qxf2+ 16. Qe2 Qxe2+ 17. Kxe2 Nf4+ 18. Kd2 Bb6 19. a4 a5 20. b5 Ne7 21. Ng3 h4 22. Ngf5 Nxf5 23. Nxf5 Bxf5 24. exf5 O-O-O 25. Bb2 g3 26. d4 g2 27. Rhg1 Rhg8 28. f6 Rg5 29. Be4 d5 30. Bf3 e4 31. Ke3 Nd3 32. Bxg2 Nxb2 33. Bh3+ Kb8 34. Rxg5 Nc4+ 35. Ke2 c5 36. bxc6 bxc6 37. Rg7 Nd6 38. Rb1 Kc7 39. Be6 Rf8 40. Rh7 Kb7 41. Rg1 Ka6 42. Bh3 c5 43. dxc5 Bxc5 44. Rg5 Rb8 45. Rxd5 Rb2+ 46. Kd1 Rxh2 47. Rxc5 Rxh3 48. Rc6+ Kb7 49. Rxd6 1-0


[Site "https://www.chess.com"]

[Event "Titled Tuesday Blitz August 22 Late 2023"]
[White "Moore, Nicholas"]
[Black "Fernandez Hernandez, Gerardo"]
[WhiteFideId "4303709"]
[BlackFideId "2207400"]
[WhiteElo "2462"]
[BlackElo "2271"]
[Result "1-0"]
[Round "4"]
[TimeControl "180+1"]
[Date "2023.08.22"]
[WhiteClock "0:00:09"]
[BlackClock "0:00:00"]
[Board "166"]

1. c4 e5 2. g3 Nc6 3. Bg2 f5 4. Nc3 Nf6 5. d3 Bb4 6. Bd2 d6 7. a3 Bxc3 8. Bxc3 O-O 9. e3 Qe8 10. Ne2 Qh5 11. b4 f4 12. gxf4 Ng4 13. Ng3 Qh4 14. h3 Nxe3 15. fxe3 Qxg3+ 16. Kf1 Qxe3 17. Bd5+ Kh8 18. Kg2 Rxf4 19. Qd2 Qxd2+ 20. Bxd2 Rf6 21. Rhf1 Bf5 22. Bg5 Rff8 23. b5 Nd4 24. Rad1 c6 25. bxc6 bxc6 26. Be4 Rab8 27. Be7 Rf7 28. Bxd6 Rb2+ 29. Kg3 Ne2+ 30. Kh4 h6 31. Bxe5 Rc2 32. Rxf5 Rxf5 33. Bxf5 1-0


[Site "https://www.chess.com"]

[Event "Titled Tuesday Blitz August 22 Late 2023"]
[White "Chemin, Justo Reinaldo"]
[Black "Hajiyev, Kanan"]
[WhiteFideId "2101580"]
[BlackFideId "13404148"]
[WhiteElo "2276"]
[BlackElo "2458"]
[Result "0-1"]
[Round "4"]
[TimeControl "180+1"]
[Date "2023.08.22"]
[WhiteClock "0:00:23"]
[BlackClock "0:01:09"]
[Board "167"]

1. d4 Nf6 2. Bg5 e6 3. e4 h6 4. Bxf6 Qxf6 5. Nf3 b6 6. c3 c5 7. dxc5 Bxc5 8. Nbd2 O-O 9. Bd3 d5 10. Qe2 Bb7 11. O-O-O Nc6 12. e5 Qe7 13. Rde1 d4 14. Qe4 g6 15. Qg4 dxc3 16. Ne4 cxb2+ 17. Kb1 Nb4 18. Nf6+ Kg7 19. Qh4 Nxd3 20. Nh5+ gxh5 21. Qxh5 Bxf3 22. gxf3 Nxe1 23. Rg1+ Kh7 24. Qg4 Qg5 25. Qe4+ Qf5 0-1


[Site "https://www.chess.com"]

[Event "Titled Tuesday Blitz August 22 Late 2023"]
[White "Czerw, Dawid"]
[Black "Garcia-Castany Musellas, Gal.la"]
[WhiteFideId "1145746"]
[BlackFideId "2241803"]
[WhiteElo "2456"]
[BlackElo "2263"]
[Result "0-1"]
[Round "4"]
[TimeControl "180+1"]
[Date "2023.08.22"]
[WhiteClock "0:00:00"]
[BlackClock "0:00:09"]
[Board "168"]

1. e4 c5 2. Nf3 d6 3. d4 cxd4 4. Nxd4 Nf6 5. Nc3 a6 6. h4 e5 7. Nb3 Be6 8. f4 Qc7 9. f5 Bc4 10. g4 h6 11. Be3 Nbd7 12. Qf3 b5 13. g5 hxg5 14. hxg5 Rxh1 15. Qxh1 b4 16. gxf6 bxc3 17. fxg7 Bxg7 18. Bxc4 cxb2 19. Bxf7+ Kxf7 20. Rb1 Qxc2 21. Qh5+ Kg8 22. Nd2 Rc8 23. Qg6 Nf8 24. Qg4 Kf7 25. Qh5+ Kg8 26. Bh6 Qd3 27. Qg5 Rc1+ 28. Kf2 Qxd2+ 29. Qxd2 Rxb1 30. Qc2 Rh1 31. Qxb2 Rh2+ 0-1


[Site "https://www.chess.com"]

[Event "Titled Tuesday Blitz August 22 Late 2023"]
[White "Liu, Casper"]
[Black "Sarkar, Justin"]
[WhiteFideId "1454153"]
[BlackFideId "2010011"]
[WhiteElo "2454"]
[BlackElo "2261"]
[Result "1-0"]
[Round "4"]
[TimeControl "180+1"]
[Date "2023.08.22"]
[WhiteClock "0:01:27"]
[BlackClock "0:00:00"]
[Board "169"]

1. e4 e5 2. d4 exd4 3. Qxd4 Nc6 4. Qe3 g6 5. Nc3 Bg7 6. Bd2 Nge7 7. O-O-O d6 8. h4 h5 9. Nf3 Bg4 10. Be2 O-O 11. Ng5 d5 12. Bxg4 d4 13. Qe2 hxg4 14. Bf4 Qc8 15. Nb5 Qd7 16. h5 a6 17. Nxc7 Rac8 18. h6 Be5 19. h7+ Kh8 20. Nd5 Nxd5 21. Bxe5+ Nxe5 22. exd5 Qxd5 23. Rhe1 Rfe8 24. Kb1 1-0


[Site "https://www.chess.com"]

[Event "Titled Tuesday Blitz August 22 Late 2023"]
[White "Serban, Cristian-Stefan"]
[Black "Akhayan, Ruben"]
[WhiteFideId "1241443"]
[BlackFideId "204439"]
[WhiteElo "2453"]
[BlackElo "2255"]
[Result "0-1"]
[Round "4"]
[TimeControl "180+1"]
[Date "2023.08.22"]
[WhiteClock "0:00:09"]
[BlackClock "0:00:18"]
[Board "170"]

1. e4 e5 2. Nf3 Nc6 3. Bc4 Nf6 4. d3 Bc5 5. c3 d6 6. O-O a6 7. a4 O-O 8. h3 h6 9. Re1 Ba7 10. Nbd2 Re8 11. b4 Be6 12. Bxe6 Rxe6 13. Rb1 Re8 14. b5 axb5 15. axb5 Ne7 16. c4 Ng6 17. Nf1 Nh5 18. Be3 Nhf4 19. Kh2 Qf6 20. g3 Ne6 21. Bxa7 Rxa7 22. b6 cxb6 23. Rxb6 Ra2 24. Kg1 Nef4 25. gxf4 Nxf4 26. N3d2 Nxh3+ 27. Kg2 Nf4+ 28. Kg3 Nxd3 29. Qe2 Qg5+ 30. Kh2 Qh4+ 31. Kg1 Nf4 32. Qf3 Re6 33. Ng3 Rg6 34. Rd1 Qh3 35. Nf1 Qh4 36. Ne3 Nh3+ 37. Kf1 Rxf2+ 38. Qxf2 Nxf2 39. Kxf2 Qxg3+ 40. Ke2 Qh2+ 41. Kd3 Rg3 42. Rxd6 Kh7 43. Rd2 Qg1 44. Re2 Qb1+ 45. Kd2 Qb2+ 46. Ke1 Qb4+ 47. Kf2 Rxe3 48. Rxh6+ gxh6 49. Rxe3 0-1


[Site "https://www.chess.com"]

[Event "Titled Tuesday Blitz August 22 Late 2023"]
[White "Penagalapati, Abhinav"]
[Black "Blackburn, Jonathan L B"]
[WhiteFideId "30938210"]
[BlackFideId "1801090"]
[WhiteElo "2232"]
[BlackElo "2450"]
[Result "0-1"]
[Round "4"]
[TimeControl "180+1"]
[Date "2023.08.22"]
[WhiteClock "0:00:08"]
[BlackClock "0:00:45"]
[Board "171"]

1. Nf3 Nf6 2. g3 g6 3. Bg2 Bg7 4. O-O O-O 5. Nc3 c5 6. e3 d6 7. b3 Nc6 8. Bb2 Bg4 9. h3 Bf5 10. Qe2 Ne4 11. Rad1 Nxc3 12. Bxc3 Bxc3 13. dxc3 Qa5 14. e4 Be6 15. e5 Qxc3 16. exd6 exd6 17. Rxd6 Rad8 18. Rfd1 Nd4 19. R1xd4 cxd4 20. Rxe6 fxe6 21. Qxe6+ Kh8 22. Qe5+ Kg8 23. Qe6+ Rf7 24. Ng5 Qc7 25. Bd5 d3 26. Qxf7+ Qxf7 27. Bxf7+ Kg7 28. Ne6+ Kf6 29. cxd3 Rb8 30. Bxg6 hxg6 31. Nc5 Ke7 32. f4 b6 33. Ne4 Rd8 34. Nf2 Kd6 35. Kg2 Kd5 36. Kf3 Kd4 37. g4 Kc3 38. f5 gxf5 39. gxf5 Kb2 40. Ke4 Kxa2 41. f6 Kxb3 42. Ke5 a5 43. Ke6 a4 44. f7 a3 45. Ne4 a2 0-1


[Site "https://www.chess.com"]

[Event "Titled Tuesday Blitz August 22 Late 2023"]
[White "Nielsen, Viktor Haarmark"]
[Black "KSho99"]
[WhiteFideId "1444492"]
[WhiteElo "2444"]
[BlackElo "2222"]
[Result "1/2-1/2"]
[Round "4"]
[TimeControl "180+1"]
[Date "2023.08.22"]
[WhiteClock "0:00:24"]
[BlackClock "0:00:09"]
[Board "172"]

1. e4 b6 2. d4 Bb7 3. Bd3 d6 4. Nc3 Nd7 5. f4 g6 6. Nf3 Bg7 7. Be3 c5 8. d5 Ngf6 9. Qe2 O-O 10. a4 e6 11. dxe6 fxe6 12. O-O Kh8 13. Ng5 Qe7 14. f5 exf5 15. exf5 Rfe8 16. Bf4 Qxe2 17. Nxe2 gxf5 18. Nf7+ Kg8 19. Nxd6 Bd5 20. Ng3 Ne4 21. Nxe8 Rxe8 22. Nxf5 Bxb2 23. Rae1 Ndf6 24. Nd6 Bd4+ 25. Kh1 Nf2+ 26. Rxf2 Rxe1+ 27. Rf1 Rxf1+ 28. Bxf1 Ng4 29. h3 Ne3 30. Bxe3 Bxe3 31. Bc4 Bxc4 32. Nxc4 Bf4 33. g4 Kf7 34. Kg2 Ke6 35. Kf3 Bc7 36. Ke4 a6 37. Ne3 b5 38. axb5 axb5 39. Nf5 Be5 40. h4 Bh8 41. h5 c4 42. Ne3 Kd6 43. Nd5 Kc5 44. g5 b4 45. Nf6 Bxf6 46. gxf6 Kd6 47. Kd4 b3 48. cxb3 cxb3 49. Kc3 Ke6 50. Kxb3 Kxf6 51. Kc3 Kg5 52. Kd3 Kxh5 53. Ke2 Kg4 54. Kf1 Kg3 55. Kg1 h5 56. Kh1 h4 57. Kg1 h3 58. Kh1 h2 1/2-1/2


[Site "https://www.chess.com"]

[Event "Titled Tuesday Blitz August 22 Late 2023"]
[White "Capp, Stephen"]
[Black "Bazilius, Augustinas"]
[WhiteFideId "2027089"]
[BlackFideId "12832251"]
[WhiteElo "2188"]
[BlackElo "2443"]
[Result "0-1"]
[Round "4"]
[TimeControl "180+1"]
[Date "2023.08.22"]
[WhiteClock "0:00:00"]
[BlackClock "0:00:01"]
[Board "173"]

1. e4 c5 2. Nc3 e6 3. Bc4 a6 4. a4 Nc6 5. d3 Nf6 6. Bb3 Be7 7. f4 d6 8. Nf3 O-O 9. O-O Qc7 10. Ne2 b6 11. Qe1 Bb7 12. Bd2 b5 13. Kh1 c4 14. Ba2 cxd3 15. cxd3 bxa4 16. Bc3 a5 17. Qg3 Nb4 18. Bb1 Ba6 19. e5 dxe5 20. Bxe5 Qd7 21. Nfd4 Rad8 22. f5 Nh5 23. Qh3 Bf6 24. Bxf6 Nxf6 25. fxe6 fxe6 26. Nxe6 Rde8 27. N2f4 Rf7 28. d4 Rfe7 29. d5 Nbxd5 30. Nxd5 Qxd5 31. Ba2 Bc4 32. Nf4 Qc5 0-1


[Site "https://www.chess.com"]

[Event "Titled Tuesday Blitz August 22 Late 2023"]
[White "Feliz Dotel, Dewar Bienvenido"]
[Black "Zenin, Dmitry"]
[WhiteFideId "6402801"]
[BlackFideId "4127897"]
[WhiteElo "2167"]
[BlackElo "2439"]
[Result "1-0"]
[Round "4"]
[TimeControl "180+1"]
[Date "2023.08.22"]
[WhiteClock "0:01:17"]
[BlackClock "0:00:51"]
[Board "174"]

1. d4 Nf6 2. e3 g6 3. Nf3 Bg7 4. Be2 O-O 5. b4 d6 6. Bb2 e5 7. dxe5 Nfd7 8. O-O dxe5 9. c4 Re8 10. Qb3 a5 11. a3 axb4 12. axb4 Rxa1 13. Bxa1 e4 14. Nd4 c5 15. bxc5 Nxc5 16. Qa3 Nba6 17. Nc3 Qg5 18. Rd1 Bg4 19. Bxg4 Qxg4 20. h3 Qh5 21. Rf1 Be5 22. Nd5 Qg5 23. Ne2 Bxa1 24. Qxa1 Nd3 25. Nf6+ 1-0


[Site "https://www.chess.com"]

[Event "Titled Tuesday Blitz August 22 Late 2023"]
[White "Novikova, Margarita"]
[Black "Onthequiet"]
[WhiteFideId "14109689"]
[WhiteElo "2165"]
[BlackElo "2439"]
[Result "1-0"]
[Round "4"]
[TimeControl "180+1"]
[Date "2023.08.22"]
[WhiteClock "0:01:06"]
[BlackClock "0:00:00"]
[Board "175"]

1. d4 b6 2. Bf4 Bb7 3. e3 Nf6 4. c3 g6 5. Nf3 Bg7 6. Be2 d6 7. O-O Nbd7 8. Nbd2 c5 9. Qc2 Nh5 10. Bg5 h6 11. Bh4 Nhf6 12. e4 cxd4 13. cxd4 Rc8 14. Qa4 Nxe4 15. Nxe4 Bxe4 16. Bb5 Bxf3 17. gxf3 g5 18. Bg3 h5 19. h4 Bf6 20. hxg5 Bxg5 21. f4 Bf6 22. Rad1 h4 23. Bh2 a6 24. Qxa6 Kf8 25. Qb7 Rc7 26. Qa6 Rh5 27. Be2 Ra5 28. Qd3 Rxa2 29. Rd2 Rca7 30. Qh7 Ra1 31. f5 Rxf1+ 32. Bxf1 Ra5 33. Bf4 Ke8 34. Qg8+ Nf8 35. Bh6 Kd7 36. Qxf8 Qxf8 37. Bxf8 Ke8 38. Bh6 Rxf5 39. Be3 Ra5 40. Bh3 Kf8 41. Bh6+ Kg8 42. f3 Kh7 43. Be3 e6 44. Bf1 1-0


[Site "https://www.chess.com"]

[Event "Titled Tuesday Blitz August 22 Late 2023"]
[White "Zaczek, Jonathon"]
[Black "Carroll, Thomas"]
[WhiteFideId "2607123"]
[BlackFideId "450111"]
[WhiteElo "2107"]
[BlackElo "2439"]
[Result "1-0"]
[Round "4"]
[TimeControl "180+1"]
[Date "2023.08.22"]
[WhiteClock "0:00:05"]
[BlackClock "0:00:06"]
[Board "176"]

1. e4 e6 2. d4 d5 3. Nd2 dxe4 4. Nxe4 Bd7 5. Nf3 Bc6 6. Bd3 Nd7 7. O-O Ngf6 8. Ned2 Be7 9. Re1 O-O 10. Qe2 Re8 11. c4 Bxf3 12. Nxf3 c5 13. b3 cxd4 14. Bb2 Nc5 15. Rad1 Nxd3 16. Rxd3 Qa5 17. Bxd4 h6 18. Ne5 Rad8 19. Red1 a6 20. Rg3 Bc5 21. Bxc5 Qxc5 22. Rgd3 Rxd3 23. Nxd3 Qf5 24. Ne5 h5 25. h3 g5 26. Nd7 h4 27. Nxf6+ Qxf6 28. Rd7 Qc3 29. Rxb7 Rd8 30. Kh2 Rd2 31. Qh5 Qe5+ 32. Kg1 Qe1+ 33. Kh2 Qe5+ 34. Kg1 Qf5 35. Rb8+ Kg7 36. Qh8+ Kg6 37. Rg8# 1-0


[Site "https://www.chess.com"]

[Event "Titled Tuesday Blitz August 22 Late 2023"]
[White "Ardito, Andrew"]
[Black "Haszon, David"]
[WhiteFideId "2033976"]
[BlackFideId "733610"]
[WhiteElo "2131"]
[BlackElo "2438"]
[Result "0-1"]
[Round "4"]
[TimeControl "180+1"]
[Date "2023.08.22"]
[WhiteClock "0:02:28"]
[BlackClock "0:02:33"]
[Board "177"]

1. e4 c5 2. c3 Nf6 3. e5 Nd5 4. Bc4 Nb6 5. Bb3 c4 6. Bc2 d6 7. Nf3 Nc6 8. exd6 Qxd6 9. O-O Bg4 10. h3 h5 11. d4 cxd3 12. Bxd3 O-O-O 13. Bf5+ Bxf5 0-1


[Site "https://www.chess.com"]

[Event "Titled Tuesday Blitz August 22 Late 2023"]
[White "Sernecki, Franciszek"]
[Black "Hartikainen, Jarmo"]
[WhiteFideId "1169297"]
[BlackFideId "503134"]
[WhiteElo "2438"]
[BlackElo "2106"]
[Result "1-0"]
[Round "4"]
[TimeControl "180+1"]
[Date "2023.08.22"]
[WhiteClock "0:01:03"]
[BlackClock "0:00:10"]
[Board "178"]

1. e4 c5 2. d4 cxd4 3. Nf3 Nc6 4. Nxd4 Nf6 5. Nc3 d6 6. g3 e5 7. Nde2 Bg4 8. Bg2 Nd4 9. h3 Nxe2 10. Nxe2 Be6 11. Nc3 Be7 12. Be3 Qd7 13. Qd2 b5 14. Nd5 Bxd5 15. exd5 a5 16. O-O O-O 17. f4 exf4 18. Rxf4 Nh5 19. Rf3 f5 20. Raf1 g6 21. Bd4 Bf6 22. g4 Bxd4+ 23. Qxd4 Qg7 24. Qb6 fxg4 25. hxg4 Rxf3 26. Rxf3 Nf6 27. Qxd6 Re8 28. Qxf6 1-0


[Site "https://www.chess.com"]

[Event "Titled Tuesday Blitz August 22 Late 2023"]
[White "Bochnicka, Vladimir"]
[Black "Mr_November18"]
[WhiteFideId "14943450"]
[WhiteElo "2435"]
[BlackElo "1970"]
[Result "1-0"]
[Round "4"]
[TimeControl "180+1"]
[Date "2023.08.22"]
[WhiteClock "0:02:00"]
[BlackClock "0:00:28"]
[Board "179"]

1. e4 c5 2. Nf3 d6 3. d4 cxd4 4. Nxd4 Nf6 5. Nc3 g6 6. Be2 Bg7 7. Nb3 O-O 8. O-O Be6 9. Bg5 Nc6 10. Kh1 Rc8 11. f4 Na5 12. e5 Nxb3 13. exf6 exf6 14. axb3 fxg5 15. fxg5 Qxg5 16. Qxd6 Rfd8 17. Qg3 Qd2 18. Bd3 a6 19. Ne4 Qh6 20. Nf6+ Kh8 21. Ra4 Rc6 22. Rh4 1-0


[Site "https://www.chess.com"]

[Event "Titled Tuesday Blitz August 22 Late 2023"]
[White "Baghdasaryan, Vahe"]
[Black "cthake"]
[WhiteFideId "13303139"]
[WhiteElo "2372"]
[BlackElo "1844"]
[Result "1-0"]
[Round "4"]
[TimeControl "180+1"]
[Date "2023.08.22"]
[WhiteClock "0:00:12"]
[BlackClock "0:00:05"]
[Board "180"]

1. e4 c5 2. c3 e6 3. d4 d5 4. exd5 exd5 5. Nf3 cxd4 6. Nxd4 Nf6 7. Bb5+ Bd7 8. Bxd7+ Qxd7 9. O-O Be7 10. Nd2 O-O 11. N2f3 Nc6 12. Re1 Ne4 13. Nxc6 Qxc6 14. Nd4 Qg6 15. f3 Bh4 16. fxe4 Bxe1 17. Qxe1 dxe4 18. Bf4 Rfe8 19. Qe3 Qb6 20. Rf1 Qxb2 21. Qg3 e3 22. Be5 Rxe5 23. Qxe5 Qxc3 24. Qd5 Rf8 25. Qe4 Qd2 26. Nf3 Qxa2 27. Qxe3 a5 28. Qe4 b5 29. Ng5 g6 30. Qh4 h5 31. g4 Qc4 32. h3 Qd4+ 33. Kh1 Qd5+ 34. Nf3 hxg4 35. hxg4 Kg7 36. Kg2 Rh8 37. Qg3 Qa2+ 38. Rf2 Qd5 39. g5 a4 40. Rd2 Qb7 41. Qe5+ Kh7 42. Kg3 Kg8 43. Rd8+ Kh7 44. Rxh8# 1-0


[Site "https://www.chess.com"]

[Event "Titled Tuesday Blitz August 22 Late 2023"]
[White "Burke, Paul"]
[Black "Graif, William"]
[WhiteFideId "2605767"]
[BlackFideId "2609835"]
[WhiteElo "1856"]
[BlackElo "2513"]
[Result "0-1"]
[Round "4"]
[TimeControl "180+1"]
[Date "2023.08.22"]
[WhiteClock "0:01:12"]
[BlackClock "0:00:28"]
[Board "181"]

1. e4 e5 2. Nf3 Bc5 3. Bc4 Nf6 4. b4 Bb6 5. d3 O-O 6. Bg5 Re8 7. O-O d6 8. h3 Nbd7 9. a4 c6 10. c3 h6 11. Bh4 Nf8 12. Nbd2 Ng6 13. Bg3 Be6 14. Bxe6 Rxe6 15. Nc4 Bc7 16. Qb3 Nh5 17. Ne3 Ngf4 18. Nf5 Nxd3 19. c4 Ndf4 20. c5 d5 21. Rad1 Qf6 22. Bh4 g5 23. Bg3 dxe4 0-1


[Site "https://www.chess.com"]

[Event "Titled Tuesday Blitz August 22 Late 2023"]
[White "Bettalli, Francesco"]
[Black "Acikel, Mert"]
[WhiteFideId "2816453"]
[BlackFideId "12956465"]
[WhiteElo "2509"]
[BlackElo "2316"]
[Result "1-0"]
[Round "4"]
[TimeControl "180+1"]
[Date "2023.08.22"]
[WhiteClock "0:00:23"]
[BlackClock "0:00:01"]
[Board "182"]

1. d4 d5 2. Nc3 c6 3. e4 dxe4 4. Nxe4 Bf5 5. Ng3 Bg6 6. h4 h6 7. Nh3 Nf6 8. Nf4 Bh7 9. Bc4 e5 10. dxe5 Qa5+ 11. Bd2 Qxe5+ 12. Be3 Nbd7 13. O-O O-O-O 14. Qf3 Bc5 15. Nd3 Bxd3 16. Bf4 Qd4 17. cxd3 Ne5 18. Bxe5 Qxe5 19. Rfe1 Qc7 20. Nf5 Kb8 21. Nxg7 Rhg8 22. Qxf6 Qg3 23. Qe5+ Qxe5 24. Rxe5 Bd4 25. Re7 Rxg7 26. Kf1 Bxb2 27. Rb1 Bd4 28. Rbxb7+ Ka8 29. Rbc7 Rb8 30. Ba6 Rb1+ 31. Ke2 Rb2+ 32. Kd1 Rb1+ 33. Kc2 Rb2+ 34. Kc1 Rg8 35. Rxa7+ Bxa7 36. Kxb2 Rb8+ 37. Kc3 f6 38. f3 Bc5 39. Rc7 Bb4+ 40. Kc4 c5 41. Bb5 Rb6 42. Rh7 Rd6 43. Rxh6 Rd4+ 44. Kb3 Rd6 45. g4 Ka7 46. g5 Kb6 47. a4 c4+ 48. Bxc4 1-0


[Site "https://www.chess.com"]

[Event "Titled Tuesday Blitz August 22 Late 2023"]
[White "Bilan, Danila"]
[Black "Gerbelli Neto, Eduardo"]
[WhiteFideId "24161918"]
[BlackFideId "2103281"]
[WhiteElo "2484"]
[BlackElo "2302"]
[Result "1-0"]
[Round "4"]
[TimeControl "180+1"]
[Date "2023.08.22"]
[WhiteClock "0:00:08"]
[BlackClock "0:00:05"]
[Board "183"]

1. d4 d5 2. Nf3 Nf6 3. c4 c6 4. Nc3 e6 5. Bg5 dxc4 6. e4 b5 7. e5 h6 8. Bh4 g5 9. Nxg5 Nd5 10. Nxf7 Qxh4 11. Nxh8 Bb4 12. Rc1 c5 13. dxc5 Nd7 14. Be2 Nxe5 15. O-O Bb7 16. Nxb5 Bxc5 17. Qa4 O-O-O 18. Bxc4 Kb8 19. Bb3 Nf4 20. Rxc5 Ne2+ 21. Kh1 Bxg2+ 22. Kxg2 Qg5+ 23. Kh1 Rd7 24. Qa6 Qg8 25. Bxe6 Qf8 26. Rc8+ Qxc8 27. Qxc8+ Kxc8 28. Nxa7+ Kc7 29. Bxd7 Nxd7 30. Nb5+ Kc6 31. Nc3 1-0


[Site "https://www.chess.com"]

[Event "Titled Tuesday Blitz August 22 Late 2023"]
[White "Shapiro, Daniel"]
[Black "The_Straightforward_Rook"]
[WhiteFideId "2001780"]
[WhiteElo "2290"]
[BlackElo "2457"]
[Result "0-1"]
[Round "4"]
[TimeControl "180+1"]
[Date "2023.08.22"]
[WhiteClock "0:00:00"]
[BlackClock "0:01:27"]
[Board "184"]

1. d4 Nf6 2. c4 e6 3. g3 Bb4+ 4. Bd2 a5 5. Bg2 O-O 6. Nf3 d5 7. Qc2 c5 8. dxc5 d4 9. Bxb4 axb4 10. Nbd2 Nc6 11. O-O e5 12. Ng5 h6 13. Nge4 Bf5 14. Nxf6+ Qxf6 15. Be4 Bh3 16. Rfe1 Qe7 17. Nb3 f5 18. Bd5+ Kh8 19. e3 dxe3 20. Rxe3 e4 21. f3 Ne5 22. fxe4 f4 23. gxf4 Rxf4 24. Rxh3 Qg5+ 25. Rg3 Nf3+ 26. Kg2 Qh5 27. h3 Raf8 28. Rd1 Nh4+ 0-1


[Site "https://www.chess.com"]

[Event "Titled Tuesday Blitz August 22 Late 2023"]
[White "Pinto, Daniel"]
[Black "Rodriguez Santiago, Jaime"]
[WhiteFideId "3303144"]
[BlackFideId "3100898"]
[WhiteElo "2432"]
[BlackElo "2272"]
[Result "1-0"]
[Round "4"]
[TimeControl "180+1"]
[Date "2023.08.22"]
[WhiteClock "0:00:05"]
[BlackClock "0:00:05"]
[Board "185"]

1. e4 c6 2. Nf3 d5 3. Nc3 dxe4 4. Nxe4 Nf6 5. Nxf6+ exf6 6. d4 Bd6 7. Bd3 O-O 8. O-O Re8 9. h3 Nd7 10. c3 Nf8 11. Be3 Be6 12. Qd2 Qd7 13. Bf4 Rad8 14. b4 Bd5 15. Nh4 Bxf4 16. Qxf4 g5 17. Qg3 Kh8 18. Nf5 Ng6 19. Ne3 Nf4 20. Nxd5 Qxd5 21. Rfe1 Rxe1+ 22. Rxe1 Qxa2 23. Qf3 Qd5 24. Be4 Qd6 25. g3 Ng6 26. Bc2 Kg7 27. Bb3 Rd7 28. Ra1 a6 29. Kf1 h6 30. Qd3 Re7 31. Qc4 Qd7 32. Kg2 Qf5 33. Re1 Qd7 34. Re3 Rxe3 35. fxe3 h5 36. Qe2 h4 37. g4 Qe7 38. Qc4 Nf8 39. Kf3 Ne6 40. Qd3 Nc7 41. Qf5 Ne8 42. Bc2 Qe6 43. Qh7+ Kf8 44. Qd3 Ke7 45. e4 Nd6 46. d5 cxd5 47. exd5 Qe5 48. c4 Qf4+ 49. Ke2 Qh2+ 50. Kd1 b6 51. Qe3+ Kd7 52. c5 bxc5 53. bxc5 Qh1+ 54. Ke2 Qg2+ 55. Qf2 Qxf2+ 56. Kxf2 Nc4 57. Ba4+ Kc7 58. d6+ Nxd6 59. cxd6+ Kxd6 60. Bb3 Kc5 61. Bxf7 a5 62. Ke3 Kb4 63. Ke4 a4 64. Kf5 Kc3 65. Kxf6 Kd3 66. Kxg5 1-0


[Site "https://www.chess.com"]

[Event "Titled Tuesday Blitz August 22 Late 2023"]
[White "chessmateto"]
[Black "ManuMunoz01"]
[WhiteElo "2422"]
[BlackElo "2244"]
[Result "1-0"]
[Round "4"]
[TimeControl "180+1"]
[Date "2023.08.22"]
[WhiteClock "0:01:34"]
[BlackClock "0:00:57"]
[Board "186"]

1. c4 e6 2. Nc3 d5 3. cxd5 exd5 4. d4 Nf6 5. Bf4 c6 6. e3 Bd6 7. Bg3 O-O 8. Bd3 Bg4 9. f3 Bh5 10. Nge2 Bg6 11. O-O Bxg3 12. Nxg3 Nbd7 13. Re1 Re8 14. e4 dxe4 15. fxe4 Nb6 16. Bc2 Qe7 17. e5 Nfd5 18. Nce4 Rad8 19. Nd6 Rf8 20. Ngf5 Bxf5 21. Bxf5 Rxd6 22. exd6 Qxd6 23. Qf3 Nf6 24. Rad1 Qb4 25. Qc3 Qa5 26. Qxa5 1-0


[Site "https://www.chess.com"]

[Event "Titled Tuesday Blitz August 22 Late 2023"]
[White "Florianovitz, Derlei Alex"]
[Black "Figorito, Nick"]
[WhiteFideId "2114178"]
[BlackFideId "30923689"]
[WhiteElo "2199"]
[BlackElo "2354"]
[Result "1-0"]
[Round "4"]
[TimeControl "180+1"]
[Date "2023.08.22"]
[WhiteClock "0:00:37"]
[BlackClock "0:00:51"]
[Board "187"]

1. e4 e6 2. d4 d5 3. e5 c5 4. c3 Bd7 5. Nf3 Qb6 6. a3 Bb5 7. Bxb5+ Qxb5 8. b4 b6 9. a4 Qa6 10. b5 Qb7 11. O-O c4 12. Ba3 Bxa3 13. Nxa3 Ne7 14. Nc2 O-O 15. h3 Nd7 16. Nh2 a6 17. f4 axb5 18. axb5 Rxa1 19. Qxa1 Ra8 20. Qb2 Qa7 21. Ra1 Qb7 22. Nb4 Nb8 23. g4 Ra7 24. Nf3 Qa8 25. Rxa7 Qxa7 26. Kf2 Qa4 27. Nc2 Nc8 28. f5 Na7 29. fxe6 fxe6 30. Ng5 Qxb5 31. Nb4 Qd7 32. Qc2 g6 33. h4 Qe7 34. Kg3 Nac6 35. Nxc6 Nxc6 36. Qa4 Nd8 37. Qa8 Kg7 38. Qxd8 Qxd8 39. Nxe6+ Kf7 40. Nxd8+ Ke8 41. Nc6 Kd7 42. Nb4 Ke6 43. Kf4 h6 44. g5 h5 45. Ke3 b5 46. Kf4 Kd7 47. Nxd5 Kc6 48. Nb4+ Kb6 49. e6 Kc7 50. Ke5 Kd8 51. d5 Ke7 1-0


[Site "https://www.chess.com"]

[Event "Titled Tuesday Blitz August 22 Late 2023"]
[White "Battlecruiser_Operational"]
[Black "Oliveira, Tiago Batista"]
[BlackFideId "2108291"]
[WhiteElo "2351"]
[BlackElo "2145"]
[Result "1-0"]
[Round "4"]
[TimeControl "180+1"]
[Date "2023.08.22"]
[WhiteClock "0:00:10"]
[BlackClock "0:00:00"]
[Board "188"]

1. c4 Nf6 2. Nc3 g6 3. g3 Bg7 4. Bg2 O-O 5. e4 d6 6. Nge2 c5 7. O-O Nc6 8. d3 Ne8 9. Be3 Nc7 10. f4 Ne6 11. g4 Ned4 12. f5 Rb8 13. a4 a6 14. Nf4 b5 15. b3 bxc4 16. bxc4 Nb3 17. Ra3 Bxc3 18. Rxb3 Rxb3 19. Qxb3 Bd4 20. Bxd4 Nxd4 21. Qb2 Bd7 22. Ne2 Nxe2+ 23. Qxe2 Bxa4 24. Ra1 Qd7 25. g5 f6 26. fxg6 hxg6 27. gxf6 Rxf6 28. e5 Rf4 29. Bd5+ Kg7 30. e6 Qe8 31. Qb2+ Rf6 32. Qb7 Bc2 33. Rxa6 Bxd3 34. Rxd6 Rf1+ 35. Kg2 Qf8 36. Bf3 Re1 37. Rxd3 Rxe6 38. Rd2 Rf6 39. Re2 Qf7 40. Rxe7 1-0


[Site "https://www.chess.com"]

[Event "Titled Tuesday Blitz August 22 Late 2023"]
[White "Perske, Thore"]
[Black "Matthew_Clarke"]
[WhiteFideId "12902195"]
[WhiteElo "2671"]
[BlackElo "2240"]
[Result "1-0"]
[Round "4"]
[TimeControl "180+1"]
[Date "2023.08.22"]
[WhiteClock "0:01:51"]
[BlackClock "0:00:00"]
[Board "189"]

1. d4 d5 2. Nf3 Nf6 3. g3 g6 4. Bg2 Bg7 5. O-O O-O 6. Be3 b6 7. Qc1 Re8 8. Bh6 Bh8 9. Rd1 Bb7 10. Nbd2 Nbd7 11. h3 c5 12. dxc5 bxc5 13. c4 d4 14. e3 Qb6 15. exd4 cxd4 16. b4 Rac8 17. c5 Qxb4 18. Rb1 Qxc5 19. Qxc5 Nxc5 20. Nxd4 Bxg2 21. Kxg2 Red8 22. N2f3 Rd5 23. Be3 Nfe4 24. Rdc1 Re8 25. Ne2 Nd3 26. Rc7 Bf6 27. Rxa7 Rc8 28. Rbb7 Kg7 29. a4 Rc2 30. Nf4 Nxf4+ 31. gxf4 1-0


[Site "https://www.chess.com"]